BSA
JERSEY SHORE D-BAGS @ KANSAS CITY KINGS
09/05/2026
 
TOP OF THE 1ST
Jersey Shore D-Bags batting - Pitching for Kansas City Kings : LHP Tim Miller
Pitching: LHP Tim Miller
Batting: RHB Ricardo González 0-0: Ball
1-0: Ball
2-0: Ball
3-0: Base on Balls
Batting: RHB Millard Boyd 0-0: Ball
1-0: Called Strike
1-1: Grounds into double play, 6-4-3 (Groundball, 6)
Batting: LHB Dave Dodd 0-0: Ball
1-0: SOLO HOME RUN (Flyball, 7D), Distance : 379 ft
Batting: RHB Matt Doyle 0-0: Called Strike
0-1: Ball
1-1: Called Strike
1-2: Ground out 4-3 (Groundball, 4)
Top of the 1st over - 1 run(s), 1 hit(s), 0 error(s), 0 left on base; Jersey Shore 1 - Kansas City 0
BOTTOM OF THE 1ST
Kansas City Kings batting - Pitching for Jersey Shore D-Bags : RHP Sergio Martínez
Pitching: RHP Sergio Martínez
Batting: LHB Brian Boone 0-0: Ground out U3 (Groundball, 3S)
Batting: SHB Víctor Serrano 0-0: Fly out, F7 (Line Drive, 78S)
Batting: RHB Toshimichi Kono 0-0: Called Strike
0-1: Swinging Strike
0-2: Ground out 6-3 (Groundball, 6)
Bottom of the 1st over - 0 run(s), 0 hit(s), 0 error(s), 0 left on base; Jersey Shore 1 - Kansas City 0
TOP OF THE 2ND
Jersey Shore D-Bags batting - Pitching for Kansas City Kings : LHP Tim Miller
Batting: RHB Miguel Serna 0-0: DOUBLE (Flyball, 8RXD)
Batting: LHB Robert Phillips 0-0: Called Strike
0-1: Ball
1-1: Ball
2-1: Foul Ball, location: 2F
2-2: Strikes out swinging
Batting: LHB Dave Watt 0-0: Ball
1-0: Foul Ball, location: 2F
1-1: Fly out, F8 (Flyball, 78S)
Batting: RHB Luis Ríos 0-0: Ball
1-0: Ground out 5-3 (Groundball, 5S)
Top of the 2nd over - 0 run(s), 1 hit(s), 0 error(s), 1 left on base; Jersey Shore 1 - Kansas City 0
BOTTOM OF THE 2ND
Kansas City Kings batting - Pitching for Jersey Shore D-Bags : RHP Sergio Martínez
Batting: LHB Pablo Reyes 0-0: Swinging Strike
0-1: Ground out 6-3 (Groundball, 6)
Batting: RHB Chris Chandler 0-0: Ball
1-0: Foul Ball, location: 2F
1-1: Foul Ball, location: 2F
1-2: Ball
2-2: Ground out 1-3 (Groundball, 13S)
Batting: RHB Dave Parker 0-0: Called Strike
0-1: Ball
1-1: Ball
2-1: Foul Ball, location: 2F
2-2: Strikes out swinging
Bottom of the 2nd over - 0 run(s), 0 hit(s), 0 error(s), 0 left on base; Jersey Shore 1 - Kansas City 0
TOP OF THE 3RD
Jersey Shore D-Bags batting - Pitching for Kansas City Kings : LHP Tim Miller
Batting: RHB Cy Keynes 0-0: SINGLE (Line Drive, 6D)
Batting: RHB Ricardo González 0-0: Ball
1-0: Foul Ball, location: 2F
1-1: Ball
2-1: Foul Ball, location: 2F
2-2: Reached on error, E1 (Groundball, 13)
Cy Keynes to second
Batting: RHB Millard Boyd 0-0: Ball
1-0: Foul Ball, location: 2F
1-1: Called Strike
1-2: Ground out 5-3 (Groundball, 5S)
Cy Keynes to third
Ricardo González to second
Batting: LHB Dave Dodd 0-0: Ball
1-0: Ball
2-0: Foul Ball, location: 2F
2-1: Foul Ball, location: 2F
2-2: 3-RUN HOME RUN (Flyball, 78XD), Distance : 381 ft
Batting: RHB Matt Doyle 0-0: Called Strike
0-1: Foul Ball, location: 2F
0-2: Ball
1-2: Ball
2-2: Foul Ball, location: 2F
2-2: Ball
3-2: Foul Ball, location: 2F
3-2: SINGLE (Line Drive, 56D)
Batting: RHB Miguel Serna 0-0: Ground out 5-3 (Groundball, 56S)
Matt Doyle to second
Batting: LHB Robert Phillips 0-0: Fly out, F7 (Flyball, 7LD)
Top of the 3rd over - 3 run(s), 3 hit(s), 1 error(s), 1 left on base; Jersey Shore 4 - Kansas City 0
BOTTOM OF THE 3RD
Kansas City Kings batting - Pitching for Jersey Shore D-Bags : RHP Sergio Martínez
Batting: RHB Adrian Prouse 0-0: Ball
1-0: Ball
2-0: Ground out 6-3 (Groundball, 6M)
Batting: LHB Vic Robertson 0-0: SINGLE (Groundball, 3S)
Batting: RHB Matt Richards 0-0: Foul Ball, location: 2F
0-1: Swinging Strike
0-2: Foul Ball, location: 2F
0-2: Ball
1-2: Ball
2-2: Fly out, F3 (Popup, 3SF)
Batting: LHB Brian Boone Pickoff Throw to First - Error! E1
Vic Robertson to second
0-0: Called Strike
0-1: Called Strike
0-2: Ball
1-2: Foul Ball, location: 2F
1-2: Strikes out swinging
Bottom of the 3rd over - 0 run(s), 1 hit(s), 1 error(s), 1 left on base; Jersey Shore 4 - Kansas City 0
TOP OF THE 4TH
Jersey Shore D-Bags batting - Pitching for Kansas City Kings : LHP Tim Miller
Batting: LHB Dave Watt 0-0: Ground out 4-3 (Groundball, 4M)
Batting: RHB Luis Ríos 0-0: Fly out, F9 (Flyball, 9M)
Batting: RHB Cy Keynes 0-0: Called Strike
0-1: Foul Ball, location: 2F
0-2: Fly out, F9 (Flyball, 9LM)
Top of the 4th over - 0 run(s), 0 hit(s), 0 error(s), 0 left on base; Jersey Shore 4 - Kansas City 0
BOTTOM OF THE 4TH
Kansas City Kings batting - Pitching for Jersey Shore D-Bags : RHP Sergio Martínez
Batting: SHB Víctor Serrano 0-0: Called Strike
0-1: Foul Ball, location: 2F
0-2: Strikes out swinging
Batting: RHB Toshimichi Kono 0-0: Ball
1-0: Swinging Strike
1-1: Fly out, F9 (Flyball, 9LD)
Batting: LHB Pablo Reyes 0-0: Ball
1-0: Called Strike
1-1: Ball
2-1: Ball
3-1: Foul Ball, location: 2F
3-2: Strikes out swinging
Bottom of the 4th over - 0 run(s), 0 hit(s), 0 error(s), 0 left on base; Jersey Shore 4 - Kansas City 0
TOP OF THE 5TH
Jersey Shore D-Bags batting - Pitching for Kansas City Kings : LHP Tim Miller
Batting: RHB Ricardo González 0-0: Ball
1-0: Ball
2-0: Foul Ball, location: 2F
2-1: Ball
3-1: Foul Ball, location: 2F
3-2: Ground out 4-3 (Groundball, 34D)
Batting: RHB Millard Boyd 0-0: Called Strike
0-1: Called Strike
0-2: Foul Ball, location: 2F
0-2: SOLO HOME RUN (Flyball, 7D), Distance : 371 ft
Batting: LHB Dave Dodd 0-0: Ball
1-0: Called Strike
1-1: Fly out, F7 (Flyball, 7LM)
Batting: RHB Matt Doyle 0-0: Ball
1-0: Ball
2-0: Ball
3-0: Base on Balls
Batting: RHB Miguel Serna 0-0: Ball
1-0: Foul Ball, location: 2F
1-1: SINGLE (Groundball, 34)
Matt Doyle to second
Runner from 2nd tries for 3rd, SAFE, throw made to third
Miguel Serna to second
Batting: LHB Robert Phillips 0-0: Called Strike
0-1: Ball
1-1: Called Strike
1-2: Fly out, F9 (Flyball, 9D)
Top of the 5th over - 1 run(s), 2 hit(s), 0 error(s), 2 left on base; Jersey Shore 5 - Kansas City 0
BOTTOM OF THE 5TH
Kansas City Kings batting - Pitching for Jersey Shore D-Bags : RHP Sergio Martínez
Batting: RHB Chris Chandler 0-0: Foul Ball, location: 2F
0-1: Called Strike
0-2: Ball
1-2: Ball
2-2: Ball
3-2: Base on Balls
Batting: RHB Dave Parker 0-0: Reached on error, E5 (Groundball, 56)
Chris Chandler to second
Batting: RHB Adrian Prouse 0-0: Ball
1-0: Swinging Strike
1-1: Called Strike
1-2: Foul Ball, location: 2F
1-2: Ball
2-2: Foul Ball, location: 2F
2-2: SINGLE (Line Drive, 8RS)
Chris Chandler to third
Dave Parker to second
Batting: LHB Vic Robertson 0-0: SINGLE (Line Drive, 4D)
Chris Chandler scores
Dave Parker to third
Adrian Prouse to second
Runner from 3rd tries for Home, SAFE, no throw or cutoff
Batting: RHB Matt Richards 0-0: Grounds into double play, 5-4-3 (Groundball, 56)
Adrian Prouse to third
Batting: LHB Brian Boone 0-0: Ball
1-0: Foul Ball, location: 2F
1-1: Foul Ball, location: 2F
1-2: Ground out 6-3 (Groundball, 6M)
Bottom of the 5th over - 2 run(s), 2 hit(s), 1 error(s), 1 left on base; Jersey Shore 5 - Kansas City 2
TOP OF THE 6TH
Jersey Shore D-Bags batting - Pitching for Kansas City Kings : LHP Tim Miller
Batting: LHB Dave Watt 0-0: SINGLE (Line Drive, 7S)
Batting: RHB Luis Ríos 0-0: Ball
1-0: Ball
2-0: Swinging Strike
2-1: Ball
3-1: Base on Balls
Dave Watt to second
Batting: RHB Cy Keynes 0-0: Called Strike
0-1: Ball
1-1: Ball
2-1: Foul Ball, location: 2F
2-2: Ball
3-2: Fly out, F8 (Flyball, 8LM)
Batting: RHB Ricardo González 0-0: Ball
1-0: Foul Ball, location: 2F
1-1: Swinging Strike
1-2: Ball
2-2: Foul Ball, location: 2F
2-2: Ball
3-2: 3-RUN HOME RUN (Line Drive, 7D), Distance : 383 ft
Pitching: RHP Mike Hodges
Batting: RHB Millard Boyd 0-0: Ground out 5-3 (Groundball, 56S)
Batting: LHB Dave Dodd 0-0: Ball
1-0: Ball
2-0: Foul Ball, location: 2F
2-1: Ball
3-1: Base on Balls
Batting: RHB Matt Doyle 0-0: Foul Ball, location: 2F
0-1: Ball
1-1: Foul Ball, location: 2F
1-2: Ball
2-2: 2-RUN HOME RUN (Flyball, 8LXD), Distance : 435 ft
Batting: RHB Miguel Serna 0-0: Ball
1-0: Foul Ball, location: 2F
1-1: SINGLE (Line Drive, 56)
Batting: LHB Robert Phillips 0-0: Ball
1-0: Called Strike
1-1: Ball
2-1: Foul Ball, location: 2F
2-2: Ball
3-2: Ground out 4-3 (Groundball, 4)
Top of the 6th over - 5 run(s), 4 hit(s), 0 error(s), 1 left on base; Jersey Shore 10 - Kansas City 2
BOTTOM OF THE 6TH
Kansas City Kings batting - Pitching for Jersey Shore D-Bags : RHP Sergio Martínez
Batting: SHB Víctor Serrano 0-0: Called Strike
0-1: Ball
1-1: Foul Ball, location: 2F
1-2: Foul Ball, location: 2F
1-2: Ball
2-2: Strikes out swinging
Batting: RHB Toshimichi Kono 0-0: Called Strike
0-1: Ground out 6-3 (Groundball, 6M)
Batting: LHB Pablo Reyes 0-0: Swinging Strike
0-1: Ball
1-1: Fly out, F8 (Flyball, 8LS)
Bottom of the 6th over - 0 run(s), 0 hit(s), 0 error(s), 0 left on base; Jersey Shore 10 - Kansas City 2
TOP OF THE 7TH
Jersey Shore D-Bags batting - Pitching for Kansas City Kings : RHP Mike Hodges
Batting: LHB Dave Watt 0-0: Foul Ball, location: 2F
0-1: Called Strike
0-2: Ball
1-2: Fly out, F7 (Line Drive, 78M)
Batting: RHB Luis Ríos 0-0: Ball
1-0: Foul Ball, location: 2F
1-1: Swinging Strike
1-2: Strikes out looking
Batting: RHB Cy Keynes 0-0: Called Strike
0-1: Fly out, F8 (Line Drive, 8LM)
Top of the 7th over - 0 run(s), 0 hit(s), 0 error(s), 0 left on base; Jersey Shore 10 - Kansas City 2
BOTTOM OF THE 7TH
Kansas City Kings batting - Pitching for Jersey Shore D-Bags : RHP Sergio Martínez
Batting: RHB Chris Chandler 0-0: Called Strike
0-1: Called Strike
0-2: Ground out 6-3 (Groundball, 6M)
Batting: RHB Dave Parker 0-0: Called Strike
0-1: SINGLE (Line Drive, 78M)
Batting: RHB Adrian Prouse 0-0: Ground out 3-1 (Groundball, 34)
Dave Parker to second
Batting: LHB Vic Robertson 0-0: Foul Ball, location: 2F
0-1: Foul Ball, location: 2F
0-2: Ball
1-2: Foul Ball, location: 2F
1-2: Ground out U3 (Groundball, 3S)
Bottom of the 7th over - 0 run(s), 1 hit(s), 0 error(s), 1 left on base; Jersey Shore 10 - Kansas City 2
TOP OF THE 8TH
Jersey Shore D-Bags batting - Pitching for Kansas City Kings : RHP Mike Hodges
Batting: RHB Ricardo González 0-0: Ground out 5-3 (Groundball, 5)
Pitching: RHP Cipriano Montáñez
Batting: RHB Millard Boyd 0-0: Called Strike
0-1: Ball
1-1: Called Strike
1-2: Ball
2-2: Strikes out looking
Batting: LHB Dave Dodd 0-0: Called Strike
0-1: Ball
1-1: Ball
2-1: Foul Ball, location: 2F
2-2: Ball
3-2: Foul Ball, location: 2F
3-2: Foul Ball, location: 2F
3-2: Base on Balls
Batting: RHB Matt Doyle 0-0: Ball
1-0: Foul Ball, location: 2F
1-1: Ball
2-1: Swinging Strike
2-2: Reached on error, E5 (Groundball, 5L)
Dave Dodd to second
Batting: RHB Miguel Serna 0-0: Ball
1-0: Foul Ball, location: 2F
1-1: Foul Ball, location: 2F
1-2: Hit by Pitch
Dave Dodd to third
Matt Doyle to second
Batting: LHB Robert Phillips 0-0: Ball
1-0: SINGLE (Line Drive, 6MD)
Dave Dodd scores
Matt Doyle to third
Miguel Serna to second
Runner from 3rd tries for Home, throw and OUT!
Top of the 8th over - 1 run(s), 1 hit(s), 1 error(s), 2 left on base; Jersey Shore 11 - Kansas City 2
BOTTOM OF THE 8TH
Kansas City Kings batting - Pitching for Jersey Shore D-Bags : RHP Sergio Martínez
Batting: RHB Matt Richards 0-0: Ground out 6-3 (Groundball, 6M)
Batting: LHB Brian Boone 0-0: Called Strike
0-1: Ball
1-1: Ball
2-1: SINGLE (Line Drive, 9LS)
Batting: SHB Víctor Serrano 0-0: Swinging Strike
0-1: Ball
1-1: Ball
2-1: Foul Ball, location: 2F
2-2: Foul Ball, location: 2F
2-2: Ball
3-2: SINGLE (Groundball, 56)
Brian Boone to second
Pitching: RHP Paco Gutiérrez
Batting: RHB Toshimichi Kono 0-0: Ball
1-0: DOUBLE (Line Drive, 8RD)
Brian Boone scores
Víctor Serrano to third
Batting: LHB Pablo Reyes 0-0: Ball
1-0: Fly out, F8 (Flyball, 78M)
Runner from 3rd tags up, SCORES, throw made
Batting: RHB Chris Chandler 0-0: Called Strike
0-1: Called Strike
0-2: Foul Ball, location: 2F
0-2: Ball
1-2: Ball
2-2: Ball
3-2: Strikes out swinging
Bottom of the 8th over - 2 run(s), 3 hit(s), 0 error(s), 1 left on base; Jersey Shore 11 - Kansas City 4
TOP OF THE 9TH
Jersey Shore D-Bags batting - Pitching for Kansas City Kings : RHP Cipriano Montáñez
Pitching: RHP Ray Watkins
Batting: LHB Dave Watt 0-0: Ball
1-0: Ball
2-0: Called Strike
2-1: Foul Ball, location: 2F
2-2: Fly out, F8 (Line Drive, 8LD)
Batting: RHB Luis Ríos 0-0: Ball
1-0: Foul Ball, location: 2F
1-1: Foul Ball, location: 2F
1-2: Ball
2-2: Strikes out looking
Batting: RHB Cy Keynes 0-0: Ball
1-0: Ball
2-0: Fly out, F4 (Line Drive, 4M)
Top of the 9th over - 0 run(s), 0 hit(s), 0 error(s), 0 left on base; Jersey Shore 11 - Kansas City 4
BOTTOM OF THE 9TH
Kansas City Kings batting - Pitching for Jersey Shore D-Bags : RHP Paco Gutiérrez
Batting: RHB Dave Parker 0-0: SINGLE (Line Drive, 56)
Batting: RHB Adrian Prouse 0-0: Ball
1-0: Grounds into double play, U4-3 (Groundball, 4M)
Batting: LHB Vic Robertson 0-0: Ball
1-0: Fly out, F8 (Line Drive, 8LXD)
Bottom of the 9th over - 0 run(s), 1 hit(s), 0 error(s), 0 left on base; Jersey Shore 11 - Kansas City 4
Monday, December 5th, 2016 - OOTP Baseball 17.12 Build 75